 Dungeon Crawl Stone Soup version 0.30-a0-310-g7d6cbdfea6 (webtiles) character file.

Game seed: 3690319105738916955

81 LnG the Sneak (level 4, -3/24 HPs)
             Began as a Kobold Summoner on Oct 24, 2022.
             Slain by a worm (9 damage)
             ... on level 3 of the Dungeon.
             The game lasted 00:05:19 (2093 turns).

LnG the Sneak (Kobold Summoner)                     Turns: 2093, Time: 00:05:20

Health: -3/24      AC:  3    Str:  5    XL:     4   Next: 68%
Magic:  4/7        EV: 15    Int: 18    God:
Gold:   162        SH:  0    Dex: 15    Spells: 2/8 levels left

rFire   . . .      SeeInvis .    e - +0 dagger
rCold   . . .      Faith    .    (no shield)
rNeg    . . .      Spirit   .    a - +0 robe
rPois   .          Reflect  .    f - +1 hat
rElec   .          Harm     .    (no cloak)
rCorr   .          Rampage  .    (no gloves)
Will    .....                    (no boots)
Stlth   ++++......               (no amulet)
HPRegen 0.24/turn                (no ring)
MPRegen 0.10/turn                (no ring)

@: no status effects
A: small, no large weapons, nightstalker 3
a: no special abilities


You were on level 3 of the Dungeon.
You visited 1 branch of the dungeon, and saw 3 of its levels.

You collected 162 gold pieces.

Inventory:

Hand Weapons
 e - a +0 dagger (weapon)
Missiles
 c - 4 boomerangs
Armour
 a - a +0 robe (worn)
 f - a +1 hat (worn)
Jewellery
 i - an amulet of guardian spirit
 p - an amulet of faith
Scrolls
 d - 3 scrolls of teleportation {unknown}
 g - a scroll of enchant armour {unknown}
 h - a scroll of amnesia {unknown}
 l - a scroll of poison {unknown}
 n - 2 scrolls of identify {unknown}
 q - a scroll of fear {unknown}
Potions
 b - a potion of magic
 j - 2 potions of ambrosia {unknown}
 k - 2 potions of curing {unknown}
 m - 2 potions of might {unknown}
 o - 3 potions of flight {unknown}


   Skills:
 + Level 0.5 Fighting
 + Level 1.8 Short Blades
 * Level 2.8 Dodging
 * Level 4.5 Stealth
 + Level 2.6 Spellcasting
 + Level 4.3 Summonings


You had 2 spell levels left.
You knew the following spells:

 Your Spells              Type           Power      Damage    Failure   Level
a - Summon Small Mammal   Summ           72%        N/A       2%          1
b - Call Imp              Summ           18%        N/A       4%          2
c - Call Canine Familiar  Summ           18%        N/A       9%          3

Your spell library contained the following spells:

 Spells                   Type           Power      Damage    Failure   Level
 Summon Guardian Golem    Hex/Summ       10%        N/A       22%         3
 Stone Arrow              Conj/Erth      4%         3d7       45%         3
 Animate Armour           Summ/Erth      20%        N/A       56%         4
 Summon Lightning Spire   Summ/Air       10%        N/A       56%         4
 Lehudib's Crystal Spear  Conj/Erth      1%         10d2      100%        8


Dungeon Overview and Level Annotations

Branches:
Dungeon (3/15)

Altars:


Innate Abilities, Weirdness & Mutations

You are small and have problems with some larger weapons.
You are completely attuned to the shadows.


Message History

a +0 short sword; a +0 leather armour The helpless hobgoblin fails to defend itself.
You impale the hobgoblin!!
You kill the hobgoblin!
You see here a hobgoblin corpse.
o - 3 fuming emerald potions (gained 2)
An adder comes into view.
Your hound disappears in a puff of smoke!
The helpless adder fails to defend itself.
You impale the adder!!
You kill the adder!
You open the door.
There is an open door here.
A worm comes into view.
Found 2 gold pieces.
You hit the worm.
The worm is lightly wounded.
You hit the worm.
The worm is moderately wounded.
The worm barely misses you.
You barely miss the worm.
The worm is moderately wounded.
You hit the worm.
The worm is moderately wounded.
The worm bites you!
You hit the worm but do no damage.
The worm is moderately wounded.
Casting: Call Canine Familiar (quite dangerous; 9% risk of failure)
Confirm with . or Enter, or press ? or * to list all spells.
The spell is quite dangerous to miscast (9% risk of failure)!
Continue anyway?
The worm bites you!
* * * LOW HITPOINT WARNING * * *
You completely miss the worm.
The worm is moderately wounded.
Your hound bites the worm.
You hit the worm but do no damage.
The worm is moderately wounded.
Your hound bites the worm but does no damage.
Your hound bites the worm.
The worm bites you!
You die...

.####### #.# #.#
....)..# #.# #.#
######.# #.#####'###
#.## #.........# #..#
#.........#
######.####.........#
+...................#
##.†.....###..†.....#
#.........#...@....#
#.........##.hw....#
####......##.........
#......##......$..
#......#####.....
#......# ....
#.......


You could see a worm (ally target) and a friendly hound (summoned).

Vanquished Creatures
  2 adders
  A worm (D:2)
  A dart slug (D:2)
  5 bats
  2 endoplasms
  4 giant cockroaches
  5 hobgoblins
  4 kobolds
  2 quokkas
  A ball python (D:2)
  3 frilled lizards
  5 goblins
  6 rats
41 creatures vanquished.

Vanquished Creatures (collateral kills)
  A worm (D:2)
  An orc (D:3)
  A bat (D:2)
  An endoplasm (D:1)
  3 goblins
  A kobold (D:1)
  A ball python (D:2)
  2 frilled lizards
11 creatures vanquished.

Grand Total: 52 creatures vanquished

Notes
Turn   | Place    | Note
-------+----------+-------------------------------------------
     0 | D:1      | LnG the Kobold Summoner began the quest for the Orb.
     0 | D:1      | Reached XP level 1. HP: 10/10 MP: 3/3
     7 | D:1      | Noticed a black mamba
     7 | D:1      | Noticed a black bear
     7 | D:1      | Noticed a rime drake
    38 | D:1      | Noticed a hound
   181 | D:1      | Reached XP level 2. HP: 15/15 MP: 1/5
   276 | D:1      | Learned a level 2 spell: Call Imp
   573 | D:1      | You fall into a shaft and drop 1 floor!
   602 | D:2      | Reached XP level 3. HP: 18/19 MP: 6/6
   606 | D:2      | Learned a level 3 spell: Call Canine Familiar
   705 | D:2      | Reached skill level 1 in Short Blades
  1119 | D:2      | Reached XP level 4. HP: 13/24 MP: 3/7
  2093 | D:3      | Slain by a worm

Illustrated notes

Levels and vault maps discovered:
D:1:      onia_arrival_zoo_common, layout_loops_ring, minmay_strange_pillars,
          minmay_pentomino_s4
D:2:      layout_basic, due_unseen_surprise
D:3:      layout_basic, lemuel_round_altar, wad_orctagon,
          uniq_crazy_yiuf_cottage

Skill      XL: |  1  2  3 |
---------------+----------+-----
Stealth        | 3 4 |  4.5
Short Blades   | 1 |  1.8
Fighting       | |  0.5
Dodging        | |  2.8
Spellcasting   | |  2.6
Summonings     | |  4.3

Action                   |  1- 3 |  4- 6 || total
-------------------------+-------+-------++-------
Melee: Dagger            |   113 |    71 ||   184
       Unarmed           |     4 |       ||     4
       Punch             |     1 |     1 ||     2
 Cast: Summon Small Mamm |    11 |     1 ||    12
       Call Canine Famil |     1 |     4 ||     5
 Stab: Sleeping          |    11 |     5 ||    16
       Distracted        |       |     2 ||     2
Armor: Robe              |    23 |     7 ||    30
Dodge: Dodged            |   106 |    54 ||   160

Table legend: (Time is in decaauts)
 A = Elapsed time spent in this place.
 B = Non-inter-level travel time spent in this place.
 C = Inter-level travel time spent in this place.
 D = Time resting spent in this place.
 E = Time spent auto-exploring this place.
 F = Levels seen in this place.
 G = Mean time per level.
                   A        B        C        D        E       F      G
               +--------+--------+--------+--------+--------+-----+--------+
         Total |   2083 |   2022 |     61 |      0 |   1455 |   3 |  694.3 |
       Dungeon |   2083 |   2022 |     61 |      0 |   1455 |   3 |  694.3 |
               +--------+--------+--------+--------+--------+-----+--------+

Top non-repeatable levels by time:
     D:2: 1034 daAuts
     D:1: 886 daAuts
     D:3: 162 daAuts
